 Dungeon Crawl Stone Soup version 0.19-a0-944-gb338e1e (webtiles) character file.

161 mistymad the Shooter (level 5, -4/46 HPs)
             Began as a Centaur Hunter on July 9, 2016.
             Killed by divine providence
             ... invoked by an orc priest
              (17 damage)
             ... on level 4 of the Dungeon.
             The game lasted 00:05:15 (3529 turns).

mistymad the Shooter (Centaur Hunter)               Turns: 3529, Time: 00:05:16

Health: -4/46      AC:  5    Str: 14    XL:     5   Next: 18%
Magic:  5/5        EV:  9    Int: 10    God:
Gold:   231        SH:  2    Dex: 11    Spells: 0 memorised, 4 levels left

rFire  . . .     SeeInvis .     e - +2 dagger (venom)
rCold  . . .     Gourm    .     c - +0 leather armour
rNeg   . . .     Faith    .     (no shield)
rPois  .         Spirit   .     (no helmet)
rElec  .         Dismiss  .     s - +0 cloak
rCorr  .         Reflect  +     (no gloves)
SustAt .         Harm     .     (no barding)
MR     .....                    k - +2 amulet of reflection
Stlth  +.........               (no ring)
                                (no ring)

@: starving, very quick, not resistant to hostile enchantments, very unstealthy
A: hooves 3, deformed body, speed 2, tough skin 3
a: no special abilities


You were on level 4 of the Dungeon.
You were starving.

You visited 1 branch of the dungeon, and saw 4 of its levels.

You collected 231 gold pieces.

Inventory:

Hand Weapons
 a - a +1 shortbow
 e - a +2 dagger of venom (weapon)
 t - a +0 long sword
Missiles
 b - a throwing net (quivered)
 d - 21 arrows
Armour
 c - a +0 leather armour (worn)
 s - a +0 cloak (worn)
Jewellery
 k - a +2 amulet of reflection (around neck)
 u - an uncursed ring of sustain attributes {unknown}
Scrolls
 h - 2 scrolls of amnesia {unknown}
 i - 5 scrolls of identify {unknown}
 l - 2 scrolls of noise {unknown}
 n - a scroll of fear {unknown}
 o - 3 scrolls of enchant weapon {unknown}
 p - a scroll of remove curse {unknown}
 q - a scroll of enchant armour {unknown}
 r - a scroll of recharging {unknown}
 v - a scroll of immolation {unknown}
Potions
 j - 2 potions of curing {unknown}
 m - a potion of brilliance {unknown}
 w - a potion of haste {unknown}
Comestibles
 f - a bread ration
 g - a meat ration


   Skills:
 + Level 3.9 Fighting
 + Level 1.2 Long Blades
 + Level 6.9 Bows
 - Level 1.3 Dodging
 - Level 0.5 Stealth


You had 4 spell levels left.
You didn't know any spells.

Dungeon Overview and Level Annotations

Branches:
Dungeon (4/15)
 Temple: D:4-7

Altars:
Nemelex Xobeh

Annotations:
D:4 tstbtto's ghost, amateur MiFi


Innate Abilities, Weirdness & Mutations

You have hooves in place of feet.
Armour fits poorly on your strangely shaped body.
You cover ground very quickly.
You have extremely tough skin. (AC +3)


Message History

You hit the orc priest.
You kick the orc priest, but do no damage.
The orc priest is lightly wounded.
The orc priest closely misses you.
You hit the orc priest but do no damage.
The orc priest is lightly wounded.
Unknown command.
You hit the orc priest but do no damage.
The orc priest is poisoned.
The orc priest is lightly wounded.
The orc priest hits you with a flail.
* * * LOW HITPOINT WARNING * * *
You take 3 damage, and have 13/46 hp.
Unknown command.
You hit the orc priest.
The orc priest looks as sick as possible!
The orc priest is moderately wounded.
The orc priest mumbles some strange prayers to Beogh against you.
Beogh smites you!
You die...

#..... #######
#..... #.....#
#..... #.....#
#....
#....##########
W...
#....##.......#
#...
#.............#####
#....
#.<.........)..>...
'.(...
#..........@o.(...(
.....
#.............((.??
+####
#....####+######((.
#....# . #....#
#..... #...... . ..
..


You could see an orc priest.

Vanquished Creatures
  A jelly (D:4)
  An orc priest (D:4)
  2 adders
  A shadow imp (D:3)
  An ooze (D:1)
  A worm (D:2)
  5 giant geckos
  An orc (D:4)
  6 bats
  3 giant cockroaches
  9 goblins
  9 hobgoblins
  7 jackals
  A quokka (D:3)
  A giant gecko skeleton (D:4)
  A giant newt (D:1)
  A jackal skeleton (D:4)
  2 kobolds
  8 rats
61 creatures vanquished.

Vanquished Creatures (others)
  A kobold (D:1)
1 creature vanquished.

Grand Total: 62 creatures vanquished

Notes
Turn   | Place    | Note
-------+----------+-------------------------------------------
     0 | D:1      | mistymad the Centaur Hunter began the quest for the Orb.
     0 | D:1      | Reached XP level 1. HP: 17/17 MP: 1/1
   281 | D:1      | Reached XP level 2. HP: 16/25 MP: 2/2
   893 | D:1      | Reached XP level 3. HP: 24/30 MP: 3/3
   980 | D:1      | Reached skill level 6 in Bows
  1359 | D:2      | Found a sparkling altar of Nemelex Xobeh.
  2069 | D:3      | Reached XP level 4. HP: 36/38 MP: 4/4
  3410 | D:4      | Noticed tstbtto's ghost (amateur MiFi)
  3430 | D:4      | Reached skill level 1 in Long Blades
  3521 | D:4      | Reached XP level 5. HP: 28/46 MP: 5/5
  3529 | D:4      | Killed from afar by an orc priest

Vault maps used:
D:1:      dpeg_arrival_short_road, grunt_decor_mini_mirrors, minmay_tetromino_o4
D:2:      nemelex_altar_shiori
D:4:      marbit_many_paths, first_bread, kennysheep_cross_room

Skill      XL: |  1  2  3  4 |
---------------+-------------+-----
Bows           | 6 |  6.9
Fighting       | 3 |  3.9
Long Blades    | 1 |  1.2
Dodging        | |  1.3
Stealth        | |  0.5

Action                   |  1- 3 |  4- 6 || total
-------------------------+-------+-------++-------
Melee: Short sword       |    46 |       ||    46
       Kick              |    27 |    16 ||    43
       Dagger            |    75 |    73 ||   148
 Fire: Shortbow          |       |    14 ||    14
  Eat: Chunk             |     2 |     2 ||     4
Armor: Leather armour    |    41 |    31 ||    72
Dodge: Dodged            |    57 |    33 ||    90
Block: Other             |     6 |     3 ||     9
       Reflection        |     1 |       ||     1
